 Dungeon Crawl Stone Soup version 0.13.0-19-g8e0b589 (webtiles) character file.

790 Kejsarherre the Basher (level 7, -8/66 HPs)
             Began as an Ogre Hunter on Oct 25, 2013.
             Was an Initiate of the Shining One.
             Mangled by a killer bee (10 damage)
             ... on Level 4 of the Dungeon.
             The game lasted 00:06:18 (2970 turns).

Kejsarherre the Basher (Ogre Hunter)                Turns: 2970, Time: 00:06:18

HP  -8/66        AC  3     Str 20      XL: 7   Next: 36%
MP   6/6         EV 12     Int 10      God: the Shining One [......]
Gold 208         SH  0     Dex 10      Spells:  0 memorised,  6 levels left

Res.Fire  : . . .   See Invis. : .   v - +0 giant spiked club
Res.Cold  : . . .   Warding    : .   d - +0 animal skin
Life Prot.: . . .   Conserve   : .   (shield restricted)
Res.Poison: .       Res.Corr.  : .   (helmet restricted)
Res.Elec. : .       Clarity    : .   (no cloak)
Sust.Abil.: . .     Spirit.Shd : .   (gloves unavailable)
Res.Mut.  : .       Stasis     : .   (boots unavailable)
Res.Rott. : .       Flight     : .   (no amulet)
Saprovore : + . .                    (no ring)
                                     z - +2 ring of evasion

@: mildly poisoned, slightly resistant to hostile enchantments, unstealthy
A: unfitting armour, fast metabolism 1, saprovore 1, tough skin 1
a: Renounce Religion


You were on level 4 of the Dungeon.
You worshipped the Shining One. the Shining One was noncommittal.
You were very hungry.

You visited 1 branch of the dungeon, and saw 4 of its levels.

You collected 188 gold pieces.

Inventory:

Hand weapons
 a - a +1,+1 club {=f}
 v - a +0,+0 giant spiked club (weapon)
Missiles
 c - a throwing net
 t - a throwing net [frayed]
 u - 5 large rocks (quivered)
Armour
 d - a +0 animal skin (worn)
Comestibles
 f - 3 meat rations
 x - a choko
Scrolls
 b - a scroll of amnesia {unknown}
 e - 5 scrolls of fear {unknown}
 h - 3 scrolls of enchant weapon I {unknown}
 i - a scroll of noise {unknown}
 j - 2 scrolls of random uselessness {unknown}
 l - a scroll of curse weapon {unknown}
 m - 7 scrolls of identify {unknown}
 o - 2 scrolls of fog {unknown}
 p - a scroll of recharging {unknown}
 A - 2 scrolls of remove curse {unknown}
 B - a scroll of blinking {unknown}
Jewellery
 z - a +2 ring of evasion (left hand)
Potions
 g - a potion of mutation {unknown}
 k - 2 potions of magic
 n - a potion of heal wounds {unknown}
 q - a potion of flight {unknown}
 r - a potion of speed {unknown}
 s - a potion of curing
 w - a potion of brilliance {unknown}


   Skills:
 - Level 2.6 Fighting
 + Level 10.0 Maces & Flails
 - Level 4.3 Throwing
 - Level 1.7 Dodging
 - Level 0.7 Stealth


You had 6 spell levels left.
You didn't know any spells.

Dungeon Overview and Level Annotations

Branches:
Dungeon (4/27)
 Temple: D:4-7

Altars:
the Shining One


Innate Abilities, Weirdness & Mutations

You are too large for most types of armour.
You have a fast metabolism.
You can tolerate rotten meat.
You have tough skin (AC +1).


Message History

* * * LOW HITPOINT WARNING * * *
The killer bee barely misses you.
Drink which item? (? for menu, Esc to quit)
You feel better.
It was a potion of curing.
The killer bee barely misses you. The killer bee stings you.
* * * LOW HITPOINT WARNING * * *
You closely miss the killer bee. The killer bee barely misses you.
The killer bee barely misses you. The killer bee closely misses you.
You miss the killer bee. The killer bee stings you!
* * * LOW HITPOINT WARNING * * *
The killer bee stings you!
* * * LOW HITPOINT WARNING * * *
You are poisoned.
The killer bee poisons you!
Drink which item? (? for menu, Esc to quit)
Magic courses through your body.
It was a potion of magic.
The killer bee stings you.
* * * LOW HITPOINT WARNING * * *
The killer bee stings you!
You die...

..###.###.## ......
#.###.###.### ###.##.# .
............# ##..)...# .#
#.###.###.### #.......# .#
#.....# #.# #.##..#.##.#
#####.###.######.##.....#.#
#
..............##a..a.#..#.#
.# #
.##.###.###.##k#####a.#.#..#
. ##.###.##@#####..#....# #
#..................# #
#..###.##.#####....# . #..#
#.##.# #...... #..# #.##..
.......... #..#
#.##.#####...###### . ......
##..# #.##.# #..# #.##.#
#.$#


You could see a worker ant and a killer bee.

Vanquished Creatures
  The ghost of glosham the Skirmisher, an average HENe (D:3)
  3 ogres
  A killer bee (D:4)
  A worker ant (D:4)
  Terence (D:2)
  6 adders
  3 giant geckos
  5 orcs
  7 giant cockroaches
  5 hobgoblins
  4 jackals (D:2)
  6 kobolds
  A quokka (D:3)
  13 bats
  4 giant newts
  8 goblins
  9 rats
78 creatures vanquished.

Notes
Turn   | Place    | Note
--------------------------------------------------------------
     0 | D:1      | Kejsarherre, the Ogre Hunter, began the quest for the Orb.
     0 | D:1      | Reached XP level 1. HP: 20/20 MP: 0/0
   104 | D:1      | Reached XP level 2. HP: 26/28 MP: 1/1
   740 | D:2      | Reached XP level 3. HP: 20/35 MP: 2/2
   940 | D:2      | Reached XP level 4. HP: 36/44 MP: 3/3
   947 | D:2      | Reached skill level 5 in Maces & Flails
  1239 | D:2      | Noticed Terence
  1241 | D:2      | Killed Terence
  1916 | D:3      | Noticed glosham's ghost (average HENe)
  2085 | D:3      | Reached skill level 6 in Maces & Flails
  2236 | D:3      | Reached XP level 5. HP: 32/50 MP: 4/4
  2370 | D:3      | Noticed an ogre
  2372 | D:3      | Killed an ogre
  2372 | D:3      | Reached skill level 7 in Maces & Flails
  2448 | D:3      | Killed glosham's ghost
  2448 | D:3      | Reached skill level 8 in Maces & Flails
  2448 | D:3      | Reached XP level 6. HP: 48/58 MP: 5/5
  2547 | D:4      | Found a glowing golden altar of the Shining One.
  2602 | D:4      | Became a worshipper of the Shining One
  2647 | D:4      | Reached skill level 9 in Maces & Flails
  2647 | D:4      | Reached XP level 7. HP: 66/66 MP: 6/6
  2962 | D:4      | Reached skill level 10 in Maces & Flails
  2970 | D:4      | HP: 2/66 [killer bee (3)]
  2970 | D:4      | Mangled by a killer bee

Action                   |  1- 3 |  4- 6 |  7- 9 || total
-------------------------+-------+-------+-------++-------
Melee: Club              |    93 |   137 |       ||   230
       Giant club        |       |    15 |    14 ||    29
       Giant spiked club |       |       |    10 ||    10
Throw: Large rock        |     7 |    27 |     2 ||    36
       Throwing net      |       |     1 |       ||     1
  Use: Potion            |       |       |     2 ||     2
 Stab: Sleeping          |       |     1 |       ||     1
